TOP OF THE 1ST |
Vancouver Vipers batting - Pitching for Houston Hammertime : RHP Kevin Bader
|
Pitching: RHP Kevin Bader
|
|
Batting: LHB Ray Spencer
|
0-0: Called Strike 0-1: Ball 1-1: Foul Ball, location: 2F 1-2: Ball 2-2: Foul Ball, location: 2F 2-2: Fly out, F8 (Flyball, 8RD)
|
Batting: RHB Salvador Medine
|
0-0: Fly out, F7 (Flyball, 7M)
|
Batting: RHB Howard Lane
|
0-0: SOLO HOME RUN (Line Drive, 7D), Distance : 371 ft
|
Batting: LHB Mike Williams
|
0-0: Ball 1-0: Foul Ball, location: 2F 1-1: SOLO HOME RUN (Flyball, 78XD), Distance : 392 ft
|
Batting: SHB Henry Copeland
|
0-0: Ball 1-0: Called Strike 1-1: Ball 2-1: Called Strike 2-2: Foul Ball, location: 2F 2-2: DOUBLE (Flyball, 78D)
|
Batting: RHB Ricardo Cabrera
|
0-0: Ball 1-0: Called Strike 1-1: Ball 2-1: Ball 3-1: Ground out 6-3 (Groundball, 6)
|
Top of the 1st over - 2 run(s), 3 hit(s), 0 error(s), 1 left on base; Vancouver 2 - Houston 0 |
BOTTOM OF THE 1ST |
Houston Hammertime batting - Pitching for Vancouver Vipers : LHP Jacques Lang
|
Pitching: LHP Jacques Lang
|
|
Batting: RHB Aaron Wilson
|
0-0: Bunt missed! 0-1: Foul Ball, location: 2F 0-2: Ball 1-2: Foul Ball, location: 2F 1-2: Ball 2-2: Ball 3-2: Ground out 5-3 (Groundball, 5L)
|
Batting: RHB Santo Cruz
|
0-0: Ball 1-0: Foul Ball, location: 2F 1-1: Ground out 6-3 (Groundball, 6)
|
Batting: SHB Cristo Ontiveros
|
0-0: Ball 1-0: Foul Ball, location: 2F 1-1: Ball 2-1: Ball 3-1: Foul Ball, location: 2F 3-2: Ground out 6-3 (Groundball, 6M)
|
Bottom of the 1st over - 0 run(s), 0 hit(s), 0 error(s), 0 left on base; Vancouver 2 - Houston 0 |
TOP OF THE 2ND |
Vancouver Vipers batting - Pitching for Houston Hammertime : RHP Kevin Bader
|
Batting: SHB Kyle MacGregor
|
0-0: Called Strike 0-1: Foul Ball, location: 2F 0-2: DOUBLE (Flyball, 89XD)
|
Batting: RHB Cristo Gilera
|
0-0: Called Strike 0-1: Ground out 5-3 (Groundball, 5)
|
Batting: LHB Malcolm Thomas
|
0-0: Called Strike 0-1: Ball 1-1: DOUBLE (Flyball, 9LD) Kyle MacGregor scores
|
Batting: LHB Ray Spencer
|
0-0: Ball 1-0: Ball 2-0: Ball 3-0: Called Strike 3-1: TRIPLE (Line Drive, 3D) Malcolm Thomas scores
|
Batting: RHB Salvador Medine
|
0-0: Ball 1-0: Called Strike 1-1: Ball 2-1: Ball 3-1: Called Strike 3-2: Foul Ball, location: 2F 3-2: Strikes out looking
|
Batting: RHB Howard Lane
|
0-0: Ball 1-0: Ball 2-0: Ball 3-0: Called Strike 3-1: SINGLE (Line Drive, 7S) Ray Spencer scores
|
Batting: LHB Mike Williams
|
0-0: Called Strike 0-1: Fly out, F7 (Line Drive, 7M)
|
Top of the 2nd over - 3 run(s), 4 hit(s), 0 error(s), 1 left on base; Vancouver 5 - Houston 0 |
BOTTOM OF THE 2ND |
Houston Hammertime batting - Pitching for Vancouver Vipers : LHP Jacques Lang
|
Batting: LHB Pat Jones
|
0-0: Fly out, F8 (Flyball, 8LXD)
|
Batting: LHB Bryce Hopkins
|
0-0: Ground out 1-3 (Groundball, 13S)
|
Batting: RHB Luis Barzaga
|
0-0: Fly out, F7 (Flyball, 7M)
|
Bottom of the 2nd over - 0 run(s), 0 hit(s), 0 error(s), 0 left on base; Vancouver 5 - Houston 0 |
TOP OF THE 3RD |
Vancouver Vipers batting - Pitching for Houston Hammertime : RHP Kevin Bader
|
Batting: SHB Henry Copeland
|
0-0: Called Strike 0-1: Swinging Strike 0-2: Foul Ball, location: 2F 0-2: Ball 1-2: Foul Ball, location: 2F 1-2: Ball 2-2: Ball 3-2: Base on Balls
|
Batting: RHB Ricardo Cabrera
|
0-0: Called Strike 0-1: Ball 1-1: Called Strike 1-2: Ball 2-2: Ball 3-2: Strikes out swinging
|
Batting: SHB Kyle MacGregor
|
0-0: Ball 1-0: Ball 2-0: Ball 3-0: Called Strike 3-1: Base on Balls Henry Copeland to second
|
Batting: RHB Cristo Gilera
|
0-0: Ball 1-0: Foul Ball, location: 2F 1-1: Ball 2-1: Fly out, F6 (Popup, 6D)
|
Batting: LHB Malcolm Thomas
|
0-0: SINGLE (Line Drive, 4D) Henry Copeland to third Kyle MacGregor to second
|
Batting: LHB Ray Spencer
|
0-0: SINGLE (Line Drive, 9LS) Henry Copeland scores Kyle MacGregor to third Malcolm Thomas to second Runner from 3rd tries for Home, SAFE, no throw or cutoff
|
Batting: RHB Salvador Medine
|
0-0: Called Strike 0-1: Fly out, F4 (Popup, 34)
|
Top of the 3rd over - 2 run(s), 2 hit(s), 0 error(s), 2 left on base; Vancouver 7 - Houston 0 |
BOTTOM OF THE 3RD |
Houston Hammertime batting - Pitching for Vancouver Vipers : LHP Jacques Lang
|
Batting: LHB José Villegas
|
0-0: Ball 1-0: Ball 2-0: Called Strike 2-1: Ball 3-1: Base on Balls
|
Batting: RHB Moo-hyun Pak
|
0-0: Ball 1-0: Foul Ball, location: 2F Pickoff Throw to First - Out! 1-1: Ball 2-1: Swinging Strike 2-2: Foul Ball, location: 2F 2-2: Foul Ball, location: 2F 2-2: Ball 3-2: Foul Ball, location: 2F 3-2: Ground out 5-3 (Groundball, 56S)
|
Batting: LHB Fernando Camacho
|
0-0: Foul Ball, location: 2F 0-1: Ball 1-1: Hit by Pitch
|
Batting: RHB Aaron Wilson
|
0-0: Ball 1-0: SINGLE (Groundball, 4MD) Fernando Camacho to second
|
Batting: RHB Santo Cruz
|
0-0: Ball 1-0: Ball 2-0: Foul Ball, location: 2F 2-1: SINGLE (Groundball, 56D) Fernando Camacho to third Aaron Wilson to second Runner from 3rd tries for Home, SAFE, no throw or cutoff
|
Batting: SHB Cristo Ontiveros
|
0-0: Ball 1-0: Foul Ball, location: 2F 1-1: Ball 2-1: Ball 3-1: Base on Balls Aaron Wilson to third Santo Cruz to second
|
Batting: LHB Pat Jones
|
0-0: Ball 1-0: Called Strike 1-1: Ball 2-1: Called Strike 2-2: Foul Ball, location: 2F 2-2: Ball 3-2: Strikes out swinging
|
Bottom of the 3rd over - 1 run(s), 2 hit(s), 0 error(s), 3 left on base; Vancouver 7 - Houston 1 |
TOP OF THE 4TH |
Vancouver Vipers batting - Pitching for Houston Hammertime : RHP Kevin Bader
|
Batting: RHB Howard Lane
|
0-0: Called Strike 0-1: Foul Ball, location: 2F 0-2: Foul Ball, location: 2F 0-2: DOUBLE (Line Drive, 9LM)
|
Pitching: RHP Bill Jones
|
|
Batting: LHB Mike Williams
|
0-0: Ball 1-0: Foul Ball, location: 2F 1-1: Ball 2-1: Fly out, F8 (Line Drive, 8RM)
|
Batting: SHB Henry Copeland
|
0-0: Ball 1-0: DOUBLE (Line Drive, 78D) Howard Lane scores
|
Batting: RHB Ricardo Cabrera
|
0-0: Called Strike 0-1: Foul Ball, location: 2F 0-2: Foul Ball, location: 2F 0-2: Foul Ball, location: 2F 0-2: Ball 1-2: Ball 2-2: Ground out 6-3 (Groundball, 6D)
|
Batting: SHB Kyle MacGregor
|
0-0: Called Strike 0-1: Ground out 3-1 (Groundball, 3)
|
Top of the 4th over - 1 run(s), 2 hit(s), 0 error(s), 1 left on base; Vancouver 8 - Houston 1 |
BOTTOM OF THE 4TH |
Houston Hammertime batting - Pitching for Vancouver Vipers : LHP Jacques Lang
|
Batting: LHB Bryce Hopkins
|
0-0: Ball 1-0: Ball 2-0: Called Strike 2-1: Called Strike 2-2: Ground out U3 (Groundball, 3S)
|
Batting: RHB Luis Barzaga
|
0-0: Ball 1-0: Ball 2-0: Hit by Pitch
|
Batting: LHB José Villegas
|
0-0: Called Strike 0-1: Called Strike 0-2: Ball 1-2: SINGLE (Flyball, 8RS) Luis Barzaga to second
|
Batting: RHB Moo-hyun Pak
|
0-0: Called Strike 0-1: Ball 1-1: Called Strike 1-2: Strikes out swinging
|
Batting: LHB Fernando Camacho
|
0-0: Swinging Strike 0-1: Swinging Strike 0-2: Ball 1-2: Strikes out swinging
|
Bottom of the 4th over - 0 run(s), 1 hit(s), 0 error(s), 2 left on base; Vancouver 8 - Houston 1 |
TOP OF THE 5TH |
Vancouver Vipers batting - Pitching for Houston Hammertime : RHP Bill Jones
|
Batting: RHB Cristo Gilera
|
0-0: Foul Ball, location: 2F 0-1: Ball 1-1: Ball 2-1: Foul Ball, location: 2F 2-2: Foul Ball, location: 2F 2-2: Ball 3-2: Fly out, F7 (Flyball, 7S)
|
Batting: LHB Malcolm Thomas
|
0-0: Foul Ball, location: 2F 0-1: SINGLE (Line Drive, 6D)
|
Batting: LHB Ray Spencer
|
0-0: DOUBLE (Line Drive, 78M) Malcolm Thomas to third Malcolm Thomas scores
|
Batting: RHB Salvador Medine
|
0-0: Foul Ball, location: 2F 0-1: Ball 1-1: SINGLE (Popup, 56D) Ray Spencer to third Runner from 3rd tries for Home, SAFE, no throw or cutoff
|
Batting: RHB Howard Lane
|
0-0: Ball 1-0: Ball 2-0: Called Strike 2-1: Ball 3-1: Foul Ball, location: 2F 3-2: Foul Ball, location: 2F 3-2: Foul Ball, location: 2F 3-2: 2-RUN HOME RUN (Flyball, 7LD), Distance : 331 ft
|
Batting: LHB Mike Williams
|
0-0: Ball 1-0: Called Strike 1-1: Swinging Strike 1-2: Foul Ball, location: 2F 1-2: Fly out, F8 (Flyball, 8RXD)
|
Batting: SHB Henry Copeland
|
0-0: Ball 1-0: SOLO HOME RUN (Line Drive, 8RXD), Distance : 423 ft
|
Batting: RHB Ricardo Cabrera
|
0-0: Swinging Strike 0-1: Swinging Strike 0-2: Fly out, F6 (Popup, 6D)
|
Top of the 5th over - 5 run(s), 5 hit(s), 0 error(s), 0 left on base; Vancouver 13 - Houston 1 |
BOTTOM OF THE 5TH |
Houston Hammertime batting - Pitching for Vancouver Vipers : LHP Jacques Lang
|
Batting: RHB Aaron Wilson
|
0-0: Ground out 6-3 (Groundball, 6)
|
Batting: RHB Santo Cruz
|
0-0: Foul Ball, location: 2F 0-1: Foul Ball, location: 2F 0-2: Fly out, F7 (Line Drive, 78M)
|
Batting: SHB Cristo Ontiveros
|
0-0: Ball 1-0: Ball 2-0: Ball 3-0: Called Strike 3-1: Base on Balls
|
Batting: LHB Pat Jones
|
0-0: SINGLE (Groundball, 56S) Cristo Ontiveros to second
|
Batting: LHB Bryce Hopkins
|
0-0: Called Strike 0-1: Foul Ball, location: 2F 0-2: Strikes out swinging
|
Bottom of the 5th over - 0 run(s), 1 hit(s), 0 error(s), 2 left on base; Vancouver 13 - Houston 1 |
TOP OF THE 6TH |
Vancouver Vipers batting - Pitching for Houston Hammertime : RHP Bill Jones
|
Pitching: RHP Stanley Edwards
|
|
Batting: SHB Kyle MacGregor
|
0-0: Swinging Strike 0-1: Foul Ball, location: 2F 0-2: Ball 1-2: Strikes out looking
|
Batting: RHB Cristo Gilera
|
0-0: Called Strike 0-1: Foul Ball, location: 2F 0-2: Strikes out swinging
|
Batting: LHB Malcolm Thomas
|
0-0: Ball 1-0: Ball 2-0: Foul Ball, location: 2F 2-1: Fly out, F7 (Flyball, 7S)
|
Top of the 6th over - 0 run(s), 0 hit(s), 0 error(s), 0 left on base; Vancouver 13 - Houston 1 |
BOTTOM OF THE 6TH |
Houston Hammertime batting - Pitching for Vancouver Vipers : LHP Jacques Lang
|
Batting: RHB Luis Barzaga
|
0-0: Called Strike 0-1: Swinging Strike 0-2: Ball 1-2: SINGLE (Flyball, 9S)
|
Batting: LHB José Villegas
|
0-0: Called Strike 0-1: Foul Ball, location: 2F 0-2: Ball 1-2: Strikes out swinging
|
Batting: RHB Moo-hyun Pak
|
0-0: Ball 1-0: Foul Ball, location: 2F 1-1: Called Strike 1-2: Ball 2-2: Fly out, F4 (Popup, 34)
|
Pitching: RHP Pedro Días
|
|
Batting: LHB Fernando Camacho
|
0-0: Foul Ball, location: 2F 0-1: Foul Ball, location: 2F 0-2: Foul Ball, location: 2F 0-2: Strikes out swinging
|
Bottom of the 6th over - 0 run(s), 1 hit(s), 0 error(s), 1 left on base; Vancouver 13 - Houston 1 |
TOP OF THE 7TH |
Vancouver Vipers batting - Pitching for Houston Hammertime : RHP Stanley Edwards
|
Batting: LHB Ray Spencer
|
0-0: Ball 1-0: Ground out 1-3 (Groundball, 34S)
|
Pinch Hitting: RHB Dan Tyler
|
0-0: SINGLE (Flyball, 7S)
|
Batting: RHB Howard Lane
|
0-0: Ball 1-0: Ball 2-0: Ball 3-0: Base on Balls Dan Tyler to second
|
Pinch Hitting: RHB Guillermo Sánchez
|
0-0: Ball 1-0: Ball 2-0: Swinging Strike 2-1: SINGLE (Groundball, 56D) (infield hit) Dan Tyler to third Howard Lane to second
|
Batting: SHB Henry Copeland
|
0-0: Ball 1-0: Ball 2-0: Fly out, F9 (Flyball, 9M) Runner from 3rd tags up, SCORES, throw made
|
Batting: RHB Ricardo Cabrera
|
0-0: Called Strike 0-1: Called Strike 0-2: Ball 1-2: Strikes out swinging
|
Top of the 7th over - 1 run(s), 2 hit(s), 0 error(s), 2 left on base; Vancouver 14 - Houston 1 |
BOTTOM OF THE 7TH |
Houston Hammertime batting - Pitching for Vancouver Vipers : RHP Pedro Días
|
Now at SS: Axel Guimont
|
|
Now in CF: Oscar Rudd
|
|
Batting: RHB Aaron Wilson
|
0-0: Ball 1-0: Called Strike 1-1: Ball 2-1: Ball 3-1: Base on Balls
|
Batting: RHB Santo Cruz
|
0-0: Ball 1-0: Ball 2-0: Called Strike 2-1: Fly out, F8 (Flyball, 8LM)
|
Batting: SHB Cristo Ontiveros
|
0-0: Called Strike 0-1: Ball 1-1: Foul Ball, location: 2F 1-2: Foul Ball, location: 2F 1-2: Ball 2-2: Strikes out swinging
|
Batting: LHB Pat Jones
|
0-0: Foul Ball, location: 2F 0-1: Ball 1-1: Ball 2-1: Called Strike 2-2: Foul Ball, location: 2F 2-2: SINGLE (Line Drive, 56) Aaron Wilson to second Runner from 2nd tries for 3rd, SAFE, throw made to third
|
Batting: LHB Bryce Hopkins
|
0-0: Called Strike 0-1: Swinging Strike 0-2: Foul Ball, location: 2F 0-2: Foul Ball, location: 2F 0-2: Ball 1-2: Ball 2-2: Ball 3-2: Ground out U3 (Groundball, 3S)
|
Bottom of the 7th over - 0 run(s), 1 hit(s), 0 error(s), 2 left on base; Vancouver 14 - Houston 1 |
TOP OF THE 8TH |
Vancouver Vipers batting - Pitching for Houston Hammertime : RHP Stanley Edwards
|
Pitching: RHP António Mata
|
|
Batting: SHB Kyle MacGregor
|
0-0: Ball 1-0: Ball 2-0: Foul Ball, location: 2F 2-1: Foul Ball, location: 2F 2-2: Ground out U3 (Groundball, 3)
|
Batting: RHB Cristo Gilera
|
0-0: Called Strike 0-1: Ball 1-1: Ball 2-1: Foul Ball, location: 2F 2-2: Strikes out swinging
|
Batting: LHB Malcolm Thomas
|
0-0: Called Strike 0-1: SINGLE (Groundball, 34D)
|
Batting: LHB Ray Spencer
|
0-0: Fly out, F9 (Flyball, 9M)
|
Top of the 8th over - 0 run(s), 1 hit(s), 0 error(s), 1 left on base; Vancouver 14 - Houston 1 |
BOTTOM OF THE 8TH |
Houston Hammertime batting - Pitching for Vancouver Vipers : RHP Pedro Días
|
Now at 3B: Luis Sáenz
|
|
Now in LF: Steve Bender
|
|
Batting: RHB Luis Barzaga
|
0-0: Ball 1-0: Called Strike 1-1: Swinging Strike 1-2: Ball 2-2: Strikes out swinging
|
Batting: LHB José Villegas
|
0-0: Called Strike 0-1: Swinging Strike 0-2: Foul Ball, location: 2F 0-2: Ball 1-2: Ball 2-2: Foul Ball, location: 2F 2-2: Strikes out swinging
|
Batting: RHB Moo-hyun Pak
|
0-0: Ball 1-0: Ball 2-0: Fly out, F9 (Flyball, 89XD)
|
Bottom of the 8th over - 0 run(s), 0 hit(s), 0 error(s), 0 left on base; Vancouver 14 - Houston 1 |
TOP OF THE 9TH |
Vancouver Vipers batting - Pitching for Houston Hammertime : RHP António Mata
|
Batting: RHB Axel Guimont
|
0-0: Ball 1-0: SINGLE (Line Drive, 5D)
|
Batting: RHB Howard Lane
|
|
Pinch Hitting: LHB Stan Bates
|
0-0: DOUBLE (Line Drive, 89XD) Axel Guimont to third
|
Batting: RHB Oscar Rudd
|
0-0: Ball 1-0: Called Strike 1-1: Ground out 5-3 (Groundball, 5L)
|
Batting: SHB Henry Copeland
|
0-0: Called Strike 0-1: Called Strike 0-2: Ball 1-2: Ball Reached via error on a dropped throw, E3 Axel Guimont scores Stan Bates to third
|
Batting: RHB Ricardo Cabrera
|
0-0: Swinging Strike 0-1: Called Strike 0-2: Grounds into double play, 6-4-3 (Groundball, 6M)
|
Top of the 9th over - 1 run(s), 2 hit(s), 1 error(s), 1 left on base; Vancouver 15 - Houston 1 |
BOTTOM OF THE 9TH |
Houston Hammertime batting - Pitching for Vancouver Vipers : RHP Pedro Días
|
Now at 1B: Stan Bates
|
|
Batting: LHB Fernando Camacho
|
0-0: Ball 1-0: Ball 2-0: Ball 3-0: Base on Balls
|
Pitching: RHP Jesse Jones
|
|
Batting: RHB Aaron Wilson
|
0-0: Ball 1-0: Foul Ball, location: 2F 1-1: Ball 2-1: Ball 3-1: Called Strike 3-2: Strikes out looking
|
Batting: RHB Santo Cruz
|
0-0: Swinging Strike 0-1: Foul Ball, location: 2F 0-2: Ball 1-2: Foul Ball, location: 2F 1-2: Foul Ball, location: 2F 1-2: SINGLE (Line Drive, 9LS) Fernando Camacho to second
|
Batting: SHB Cristo Ontiveros
|
0-0: Called Strike 0-1: Grounds into double play, 6-4-3 (Groundball, 6)
|
Bottom of the 9th over - 0 run(s), 1 hit(s), 0 error(s), 1 left on base; Vancouver 15 - Houston 1 |
|